AoeStats
← dubege

Arabia

507580716Analyzed
1v1 RM · 14d ago on Sep 18, 2026· 45m 26s· 2 players
Game mode
Random Map
Map size
Tiny (2 player)
Population
200
Speed
Normal
Resources
Standard
Victory
Conquest
Starting age
Dark Age
Ending age
Imperial Age
RankedLock teamsTeams togetherTeam positionsShared explorationLock speedFull tech treeHidden civsTurbo modeCheats
Victory
Defeat
🇫🇮 Britons · Finland
1058
+17
🇹🇷 Byzantines · Türkiye
1072
-17
BATSOUP
7:51 Loom
10:42 Feudal Age
11:13 Double-Bit Axe
17:12 Castle Age
18:12 Bow Saw
22:45 Fletching
23:33 Crossbowman
24:51 Padded Archer Armor
25:50 Wheelbarrow
25:02 Horse Collar
26:08 Bodkin Arrow
27:22 Ballistics
27:38 Leather Archer Armor
36:21 Imperial Age
36:09 Masonry
37:09 Arbalester
38:00 Bracer
39:22 Conscription
40:10 Ring Archer Armor
40:11 Yeomen
41:16 Hoardings
42:04 Chemistry
dubege
6:09 Loom
9:19 Feudal Age
12:29 Fletching
16:23 Double-Bit Axe
17:11 Horse Collar
21:00 Castle Age
19:34 Padded Archer Armor
23:35 Bodkin Arrow
24:41 Bow Saw
25:15 Leather Archer Armor
25:07 Scale Barding Armor
24:53 Elite Skirmisher
25:54 Husbandry
26:43 Thumb Ring
27:30 Chain Barding Armor
29:56 Ballistics
30:41 Forging
37:04 Imperial Age
35:23 Iron Casting
40:46 Chemistry
41:01 Bracer
44:03 Conscription
44:21 Heavy Plow
45:21 Ring Archer Armor
Connection lost

Rejoining the realm…

Still unreachable

The connection could not be restored.

Session expired

The server has moved on; the page needs a fresh start.